 Dungeon Crawl Stone Soup version 0.28.0-56-g4927b6849a (webtiles) character file.

Game seed: 2567173106118849949

373 thiscave3701365 the Chopper (level 6, -4/53 HPs)
             Began as a Gnoll Berserker on May 13, 2022.
             Was a Priest of Trog.
             Slain by a gnoll
             ... wielding a +0 whip
              (6 damage)
             ... on level 4 of the Dungeon on Jan 31, 2023.
             The game lasted 00:04:29 (4669 turns).

thiscave3701365 the Chopper (Gnoll Berserker)       Turns: 4669, Time: 00:04:29

Health: -4/53      AC:  9    Str: 19    XL:     6   Next: 72%
Magic:  9/9        EV:  9    Int:  6    God:    Trog [***...]
Gold:   96         SH:  0    Dex: 11    Spells: 9/9 levels left

rFire   + . .      SeeInvis .   a - +0 hand axe
rCold   + . .      Faith    .   (no shield)
rNeg    . . .      Spirit   .   l - +0 chain mail
rPois   +          Reflect  .   (no helmet)
rElec   +          Harm     .   (no cloak)
rCorr   +          Rampage  .   (no gloves)
Will    .....                   (no boots)
Stlth   ..........              (no amulet)
HPRegen 0.17/turn               (no ring)
MPRegen 0.11/turn               (no ring)

@: resistant, on berserk cooldown, slowed, very slow
A: fangs 1, strong nose, distributed training
a: Renounce Religion, Berserk, Trog's Hand


You were on level 4 of the Dungeon.
You worshipped Trog.
Trog was most pleased with you.
You visited 1 branch of the dungeon, and saw 4 of its levels.

You collected 96 gold pieces.

Inventory:

Hand Weapons
 a - a +0 hand axe (weapon)
Armour
 l - a +0 chain mail (worn)
Jewellery
 b - a ring of poison resistance
 n - a +6 ring of dexterity
Scrolls
 d - 3 scrolls of torment {unknown}
 i - 4 scrolls of identify {unknown}
 j - a scroll of fear {unknown}
 k - a scroll of enchant weapon {unknown}
 m - a scroll of immolation {unknown}
Potions
 c - a potion of attraction {unknown}
 e - 2 potions of curing {unknown}
 f - a potion of cancellation {unknown}
 h - a potion of heal wounds


   Skills:
 + Level 6.9 Fighting
 + Level 2.1 Short Blades
 + Level 2.1 Long Blades
 + Level 6.9 Axes
 + Level 2.1 Maces & Flails
 + Level 2.1 Polearms
 + Level 2.1 Staves
 + Level 2.1 Slings
 + Level 2.1 Bows
 + Level 2.1 Crossbows
 + Level 2.1 Throwing
 + Level 5.0 Armour
 + Level 5.0 Dodging
 + Level 2.1 Stealth
 + Level 2.1 Shields
 + Level 2.1 Unarmed Combat
 + Level 2.1 Spellcasting
 + Level 1.6 Conjurations
 + Level 1.6 Hexes
 + Level 1.6 Summonings
 + Level 1.6 Necromancy
 + Level 1.6 Translocations
 + Level 1.6 Transmutations
 + Level 1.6 Fire Magic
 + Level 1.6 Ice Magic
 + Level 1.6 Air Magic
 + Level 1.6 Earth Magic
 + Level 1.6 Poison Magic
 + Level 2.3 Invocations
 + Level 2.1 Evocations


You had 9 spell levels left.
You didn't know any spells.
Your spell library was empty.

Dungeon Overview and Level Annotations

Branches:
Dungeon (4/15)
 Temple: D:4-7

Altars:
Zin

Shops:
D:1 [


Innate Abilities, Weirdness & Mutations

You have very sharp teeth.
Your uncanny sense of smell can sniff out nearby items.
Your experience applies equally to all skills.


Message History

You barely miss the gnoll. The gnoll barely misses you.
The gnoll closely misses you.
You closely miss the gnoll. You bite the gnoll, but do no damage.
You hit the kobold.
You kill the kobold!
Trog accepts your kill. The gnoll barely misses you.
The gnoll hits you from afar with a +0 halberd.
The gnoll hits you with a +0 whip.
You hit the gnoll. Your bite misses the gnoll.
The gnoll is moderately wounded.
You closely miss the gnoll. The gnoll hits you but does no damage.
The gnoll barely misses you.
The gnoll hits you from afar with a +0 halberd!
You hit the gnoll but do no damage. Your bite misses the gnoll.
The gnoll is moderately wounded.
You barely miss the gnoll. The gnoll hits you but does no damage.
The gnoll hits you with a +0 flail.
The gnoll hits you from afar with a +0 halberd.
You are too injured to fight recklessly!
You are too injured to fight recklessly!
You are too injured to fight recklessly!
Unknown command.
You are too injured to fight recklessly!
You're still recovering from your berserk rage.
Okay, then.
You hit the gnoll but do no damage.
The gnoll is moderately wounded.
You barely miss the gnoll. The gnoll hits you with a +0 whip.
The gnoll hits you with a +0 flail.
* * * LOW HITPOINT WARNING * * *
The gnoll hits you from afar with a +0 halberd!
* * * LOW HITPOINT WARNING * * *
The gnoll hits you with a +0 whip.
* * * LOW HITPOINT WARNING * * *
The gnoll barely misses you.
It was a potion of resistance.
You feel protected. The gnoll closely misses you.
The gnoll hits you with a +0 whip.
You die...

≈≈≈≈≈≈≈≈≈#####≈≈≈≈≈≈≈≈≈≈≈≈≈≈≈≈≈≈≈
≈≈≈≈≈≈≈≈≈# ####################
≈≈≈≈≈≈≈≈≈# #.... ........#
≈≈≈≈≈≈≈≈≈# #.... .......+
#+##.... ......##### #......#
#........ #......# #........
#.....g########........
#g)@..$(())....#####
#..g(....†)....+ #....[......(..#
################


You could see 3 gnolls.

Vanquished Creatures
  An ogre (D:4)
  A scorpion (D:4)
  A hound (D:4)
  A centaur skeleton (D:4)
  3 gnolls (D:4)
  2 adders
  An ufetubus (D:3)
  A worm (D:4)
  A dart slug (D:1)
  An orc (D:4)
  An endoplasm (D:1)
  5 giant cockroaches
  22 goblins
  27 hobgoblins
  4 jackals (D:4)
  3 quokkas
  5 ball pythons
  9 bats
  2 frilled lizards (D:1)
  16 kobolds
  2 rats
109 creatures vanquished.

Vanquished Creatures (others)
  A fungus (D:2)
  4 plants (D:2)
5 creatures vanquished.

Grand Total: 114 creatures vanquished

Notes
Turn   | Place    | Note
-------+----------+-------------------------------------------
     0 | D:1      | thiscave3701365 the Gnoll Berserker began the quest for the
                  | Orb.
     0 | D:1      | Reached XP level 1. HP: 23/23 MP: 1/1
   285 | D:1      | Reached XP level 2. HP: 29/29 MP: 2/2
   704 | D:1      | Found Muzimom's Armour Emporium.
   761 | D:1      | Reached XP level 3. HP: 31/35 MP: 3/3
   965 | D:1      | Reached ** piety under Trog
  1263 | D:2      | Found a faded altar of an unknown god.
  1326 | D:2      | Reached skill level 1 in Invocations
  1952 | D:2      | Reached skill level 1 in Short Blades
  1952 | D:2      | Reached skill level 1 in Long Blades
  1952 | D:2      | Reached skill level 1 in Maces & Flails
  1952 | D:2      | Reached skill level 1 in Polearms
  1952 | D:2      | Reached skill level 1 in Staves
  1952 | D:2      | Reached skill level 1 in Slings
  1952 | D:2      | Reached skill level 1 in Bows
  1952 | D:2      | Reached skill level 1 in Crossbows
  1952 | D:2      | Reached skill level 1 in Throwing
  1952 | D:2      | Reached skill level 1 in Stealth
  1952 | D:2      | Reached skill level 1 in Shields
  1952 | D:2      | Reached skill level 1 in Unarmed Combat
  1952 | D:2      | Reached skill level 1 in Spellcasting
  1952 | D:2      | Reached skill level 1 in Evocations
  2089 | D:2      | You fall into a shaft and drop 2 floors!
  2089 | D:4      | Noticed a scorpion
  2143 | D:3      | Reached XP level 4. HP: 30/41 MP: 5/5
  2471 | D:3      | Upgraded the game from 0.28.0-49-g6dfe1f597d to
                  | 0.28.0-53-g5a82cb258f
  2790 | D:3      | Found a glowing silver altar of Zin.
  3173 | D:4      | Killed a scorpion
  3174 | D:4      | Reached skill level 1 in Conjurations
  3174 | D:4      | Reached skill level 1 in Hexes
  3174 | D:4      | Reached skill level 1 in Summonings
  3174 | D:4      | Reached skill level 1 in Necromancy
  3174 | D:4      | Reached skill level 1 in Translocations
  3174 | D:4      | Reached skill level 1 in Transmutations
  3174 | D:4      | Reached skill level 1 in Fire Magic
  3174 | D:4      | Reached skill level 1 in Ice Magic
  3174 | D:4      | Reached skill level 1 in Air Magic
  3174 | D:4      | Reached skill level 1 in Earth Magic
  3174 | D:4      | Reached skill level 1 in Poison Magic
  3174 | D:4      | Reached XP level 5. HP: 47/47 MP: 5/7
  3398 | D:4      | Noticed an ogre
  3405 | D:4      | Killed an ogre
  3406 | D:4      | Reached XP level 6. HP: 53/53 MP: 8/8
  4037 | D:4      | Reached skill level 5 in Armour
  4037 | D:4      | Reached skill level 5 in Dodging
  4237 | D:4      | Reached *** piety under Trog
  4664 | D:4      | Upgraded the game from 0.28.0-53-g5a82cb258f to
                  | 0.28.0-56-g4927b6849a
  4668 | D:4      | HP: 2/53 [gnoll/+0 whip (1)]
  4669 | D:4      | Slain by a gnoll

Illustrated notes

Levels and vault maps discovered:
D:1:      sevenhm_arrival_forest_fort_small_4, layout_loops_corners,
          serial_shops, shop_statue, chequers_avenue, kennysheep_another_room
D:2:      layout_loops_corners, shapermc_ecumenical_altar_mp_ritualfount
D:3:      layout_loops_cross, mainiacjoe_overflow_concentric_impassable,
          minmay_misc_feat_rugged
D:4:      minmay_goblin_kobold_castle, layout_gridville,
          small_statue_intersection

Skill      XL: |  1  2  3  4  5  6 |
---------------+-------------------+-----
Invocations    | 1 2 |  2.3
Short Blades   | 1 2 |  2.1
Long Blades    | 1 2 |  2.1
Maces & Flails | 1 2 |  2.1
Polearms       | 1 2 |  2.1
Staves         | 1 2 |  2.1
Slings         | 1 2 |  2.1
Bows           | 1 2 |  2.1
Crossbows      | 1 2 |  2.1
Throwing       | 1 2 |  2.1
Stealth        | 1 2 |  2.1
Shields        | 1 2 |  2.1
Unarmed Combat | 1 2 |  2.1
Spellcasting   | 1 2 |  2.1
Evocations     | 1 2 |  2.1
Conjurations   | 1 |  1.6
Hexes          | 1 |  1.6
Summonings     | 1 |  1.6
Necromancy     | 1 |  1.6
Translocations | 1 |  1.6
Transmutations | 1 |  1.6
Fire Magic     | 1 |  1.6
Ice Magic      | 1 |  1.6
Air Magic      | 1 |  1.6
Earth Magic    | 1 |  1.6
Poison Magic   | 1 |  1.6
Armour         | 5 |  5.0
Dodging        | 5 |  5.0
Fighting       | |  6.9
Axes           | |  6.9

Action                   |  1- 3 |  4- 6 || total
-------------------------+-------+-------++-------
Melee: Hand axe          |   167 |   133 ||   300
       Bite              |    13 |    15 ||    28
       Punch             |     1 |     1 ||     2
Invok: Berserk           |       |     7 ||     7
  Use: Potion            |       |     1 ||     1
 Stab: Sleeping          |     1 |       ||     1
Armor: Animal skin       |    12 |       ||    12
       Scale mail        |    50 |     6 ||    56
       Chain mail        |       |    57 ||    57
Dodge: Dodged            |   121 |    76 ||   197
